 Dungeon Crawl Stone Soup version 0.29-a0-653-gd47aff6735 (webtiles) character file.

Game seed: 10793738308662792750

449 miscthings the Cleaver (level 7, 0/57 HPs)
             Began as a Meteoran Fighter on June 21, 2022.
             Slain by an ogre
             ... wielding a +0 giant club
              (28 damage)
             ... on level 5 of the Dungeon.
             The game lasted 00:05:20 (2184 turns).

miscthings the Cleaver (Meteoran Fighter)           Turns: 2184, Time: 00:05:21

Health: 0/57       AC: 10    Str: 19    XL:     7   Next: 50%
Magic:  8/8        EV:  7    Int: 10    God:
Gold:   129        SH:  5    Dex: 14    Spells: 6/6 levels left

rFire   . . .      SeeInvis .   a - +1 war axe
rCold   . . .      Faith    .   c - +0 buckler
rNeg    . . .      Spirit   .   q - +1 chain mail {rPois}
rPois   +          Reflect  .   (no helmet)
rElec   .          Harm     .   (no cloak)
rCorr   .          Rampage  .   (no gloves)
Will    .....                   (no boots)
Stlth   ..........              (no amulet)
HPRegen 0.19/turn               (no ring)
MPRegen 0.11/turn               (no ring)

@: glowing
A: sense surroundings 1, otherworldly, glowing, explore regen
a: no special abilities


You were on level 5 of the Dungeon.
You visited 1 branch of the dungeon, and saw 5 of its levels.

You collected 264 gold pieces.
You spent 135 gold pieces at shops.

Inventory:

Hand Weapons
 a - a +1 war axe (weapon)
Armour
 b - a +0 scale mail
 c - a +0 buckler (worn)
 q - a +1 chain mail of poison resistance (worn)
 t - the +5 ring mail "Bemiqet" {Harm rN+ Str+3 Int+3}
   (You found it on level 2 of the Dungeon)

   Str:       It affects your strength (+3).
   Int:       It affects your intelligence (+3).
   rN:        It protects you from negative energy.
   Harm:      It increases damage dealt and taken.
Wands
 r - a wand of flame (29)
Scrolls
 f - a scroll of teleportation
 g - a scroll of enchant weapon
 h - a scroll of poison
 i - a scroll of noise {unknown}
 j - a scroll of acquirement {unknown}
 k - a scroll of blinking {unknown}
 o - a scroll of brand weapon
 s - a scroll of immolation {unknown}
 u - 2 scrolls of fog {unknown}
Potions
 d - a potion of might
 e - a potion of lignification {unknown}
 l - 6 potions of curing
 m - 3 potions of berserk rage
 n - a potion of heal wounds
 p - 2 potions of cancellation
 v - 2 potions of haste


   Skills:
 - Level 3.2 Fighting
 + Level 8.8 Axes
 - Level 3.6 Armour
 - Level 3.6 Shields


You had 6 spell levels left.
You didn't know any spells.
Your spell library contained the following spells:

 Spells                   Type           Power      Damage    Failure   Level
 Static Discharge         Conj/Air       0%         N/A       100%        2
 Cause Fear               Hex            0%         N/A       100%        4
 Lightning Bolt           Conj/Air       0%         1d11      100%        5
 Dragon Form              Tmut           0%         N/A       100%        7
 Maxwell's Capacitive Co  Air            0%         ∞         100%        8
 Dragon's Call            Summ           0%         N/A       100%        9


Dungeon Overview and Level Annotations

Branches:
Dungeon (5/15) Zot: 749
 Temple: D:4-7

Altars:

Shops:
D:2 [


Innate Abilities, Weirdness & Mutations

You passively map a small area around you.
You are easily found by Zot.
You glow in the dark.
You regain HP and MP as you explore.


Message History

You closely miss the steam dragon.
The steam dragon bites you but does no damage.
The steam dragon barely misses you. You block the steam dragon's attack.
The steam dragon claws you.
You hit the steam dragon.
The steam dragon is lightly wounded.
The steam dragon breathes steam at you. The ball of steam hits you!
You hear a shout!
The steam dragon bites you but does no damage.
The steam dragon barely misses you.
You slash the steam dragon!
The steam dragon is heavily wounded.
The steam dragon bites you. You block the steam dragon's attack.
You hit the steam dragon but do no damage.
The steam dragon is heavily wounded.
Something unseen opens the door.
The steam dragon bites you but does no damage.
The steam dragon claws you but does no damage.
You hit the steam dragon.
The steam dragon is heavily wounded.
An ogre comes into view. It is wielding a +0 giant club.
The steam dragon bites you. The steam dragon claws you.
You hit the steam dragon.
The steam dragon is severely wounded.
The steam dragon bites you! The steam dragon claws you.
Okay, then.
You slash the steam dragon!
You kill the steam dragon!
The steam dragon scales are intact enough to wear.
The air fills with toxic fumes!
As you read the scroll of poison, it crumbles to dust.
The ogre is engulfed in poison gas.
The ogre is poisoned.
The ogre is engulfed in poison gas.
The ogre looks even sicker.
The ogre is engulfed in poison gas.
The ogre looks even sicker.
You hit the ogre.
The ogre is severely wounded.
The ogre is engulfed in poison gas.
The ogre looks as sick as possible!
The ogre hits you with a +0 giant club!!
You die...

, , ,, * §§§§§
§§§§§§§ , , , #§§§§
§§§§§§§ , #§§§§
§§§§§§§ , ###§§§§
§§§§§§§ , , §§.§§§§
§§§§§§§
**#§§§§#§§§§§§§ , ,
#§§§§§§§§§§§§ ,
#§§§O@§§§§§§§ ....
#§§§§§###§§§§ , *, ,
......##§§§§# * ..§ ,
#...... #§§§§###....
*
,#......##§§§§§......
,
........§§§§§§......
,
.......§§§§§§§......
......§§§§§§§§§.#...
* ................#
..,


You could see an ogre (extremely poisoned).

Vanquished Creatures
  A steam dragon (D:5)
  A scorpion (D:4)
  A water moccasin zombie (D:4)
  A hound (D:4)
  An iguana (D:5)
  5 adders
  A shadow imp (D:5)
  An ufetubus (D:4)
  2 adder skeletons (D:4)
  3 adder zombies (D:4)
  2 worms
  A dart slug (D:3)
  An orc (D:4)
  7 endoplasms
  2 giant cockroaches
  8 goblins
  6 hobgoblins
  9 kobolds
  5 quokkas
  3 ball pythons (D:4)
  3 bats
  5 frilled lizards
  5 rats (D:1)
74 creatures vanquished.

Vanquished Creatures (others)
  9 plants (D:1)
  5 withered plants (D:4)
14 creatures vanquished.

Grand Total: 88 creatures vanquished

Notes
Turn   | Place    | Note
-------+----------+-------------------------------------------
     0 | D:1      | miscthings the Meteoran Fighter began the quest for the
                  | Orb.
     0 | D:1      | Reached XP level 1. HP: 19/19 MP: 2/2
   128 | D:1      | Reached skill level 3 in Axes
   128 | D:1      | Reached XP level 2. HP: 24/26 MP: 3/3
   233 | D:1      | Reached XP level 3. HP: 23/31 MP: 4/4
   349 | D:1      | Reached skill level 4 in Axes
   470 | D:1      | Glimpsed the power of Zot.
   520 | D:1      | Glimpsed the power of Zot.
   622 | D:3      | Reached XP level 4. HP: 19/38 MP: 5/5
  1181 | D:2      | Reached skill level 5 in Axes
  1201 | D:2      | Found Quq Itoi's Armour Shop.
  1220 | D:2      | Bought a +1 chain mail of poison resistance for 135 gold
                  | pieces
  1275 | D:2      | Identified the +5 ring mail "Bemiqet" {Harm rN+ Str+3
                  | Int+3}
  1413 | D:2      | Found a faded altar of an unknown god.
  1613 | D:4      | Reached XP level 5. HP: 39/45 MP: 6/6
  1713 | D:4      | Reached skill level 6 in Axes
  1807 | D:4      | Reached XP level 6. HP: 49/51 MP: 7/7
  1843 | D:4      | Reached skill level 7 in Axes
  2027 | D:5      | Entered Level 5 of the Dungeon
  2145 | D:5      | Reached skill level 8 in Axes
  2145 | D:5      | Reached XP level 7. HP: 36/57 MP: 8/8
  2164 | D:5      | Noticed a steam dragon
  2179 | D:5      | Killed a steam dragon
  2184 | D:5      | Slain by an ogre

Illustrated notes

Levels and vault maps discovered:
D:1:      grunt_arrival_lava_bath, layout_loops_ring, kennysheep_boxes
D:2:      cheibrodos_old_hovel, layout_loops_ring, serial_shops, shop_fountains,
          basic_ecumenical_altar, minmay_3d_cube
D:3:      layout_basic, chequers_serial_rivers_micro_e
D:4:      layout_basic, serial_undead, serial_undead_b, serial_undead_a,
          serial_undead_b, serial_undead_b
D:5:      layout_basic, minmay_temple_entry_offerings, uniq_duvessa

Skill      XL: |  1  2  3  4  5  6 |
---------------+-------------------+-----
Axes           | 3 4 5 6 8 |  8.8
Fighting       | |  3.2
Armour         | |  3.6
Shields        | |  3.6

Action                   |  1- 3 |  4- 6 |  7- 9 || total
-------------------------+-------+-------+-------++-------
Melee: War axe           |    92 |   133 |    10 ||   235
  Use: Scroll            |       |     9 |     1 ||    10
Armor: Scale mail        |    54 |    14 |       ||    68
       Chain mail        |       |    60 |     6 ||    66
Dodge: Dodged            |    37 |    42 |     3 ||    82
Block: Buckler           |    20 |    44 |     2 ||    66

Table legend: (Time is in decaauts)
 A = Elapsed time spent in this place.
 B = Non-inter-level travel time spent in this place.
 C = Inter-level travel time spent in this place.
 D = Time resting spent in this place.
 E = Time spent auto-exploring this place.
 F = Levels seen in this place.
 G = Mean time per level.
                   A        B        C        D        E       F      G
               +--------+--------+--------+--------+--------+-----+--------+
         Total |   2249 |   2025 |    224 |      0 |   1203 |   5 |  449.8 |
       Dungeon |   2249 |   2025 |    224 |      0 |   1203 |   5 |  449.8 |
               +--------+--------+--------+--------+--------+-----+--------+

Top non-repeatable levels by time:
     D:3: 687 daAuts
     D:1: 572 daAuts
     D:4: 542 daAuts
     D:2: 362 daAuts
     D:5: 84 daAuts
